 Dungeon Crawl Stone Soup version 0.27.1-1-g398f81649c (webtiles) character file.

Game seed: 13292067582556551675

34 Kala the Shield-Bearer (level 3, 12/33 HPs)
             Began as a Deep Dwarf Fighter on Sept 6, 2021.
             Quit the game on level 2 of the Dungeon.
             The game lasted 00:02:12 (701 turns).

Kala the Shield-Bearer (Deep Dwarf Fighter)          Turns: 701, Time: 00:02:12

Health: 12/33      AC:  6    Str: 19    XL:     3   Next: 14%
Magic:  3/3        EV:  7    Int:  9    God:
Gold:   48         SH:  9    Dex: 12    Spells: 2/2 levels left

rFire    . . .     SeeInvis .   a - +0 war axe
rCold    . . .     Faith    .   c - +0 kite shield
rNeg     . . .     Spirit   .   b - +0 scale mail
rPois    .         Reflect  .   (no helmet)
rElec    .         Harm     .   (no cloak)
rCorr    .         Rampage  .   (no gloves)
Will     .....                  (no boots)
Stlth    ..........             (no amulet)
HPRegen  0.00/turn              (no ring)
MPRegen  0.08/turn              (no ring)

@: no status effects
A: damage resistance, heal wounds, sense surroundings 1, no regeneration
a: Heal Wounds


You were on level 2 of the Dungeon.
You visited 1 branch of the dungeon, and saw 2 of its levels.

You collected 48 gold pieces.

Inventory:

Hand Weapons
 a - a +0 war axe (weapon)
Armour
 b - a +0 scale mail (worn)
 c - a +0 kite shield (worn)
 h - a +0 leather armour
Scrolls
 g - a scroll of teleportation {unknown}
 j - a scroll of identify {unknown}
Potions
 d - a potion of might
 e - a potion of magic {unknown}
 f - a potion of resistance {unknown}
 i - a potion of degeneration {unknown}


   Skills:
 + Level 2.9 Fighting
 + Level 2.5 Axes
 + Level 3.5 Armour
 + Level 3.5 Shields
 * Level 1.7 Necromancy


You had 2 spell levels left.
You didn't know any spells.
Your spell library was empty.

Dungeon Overview and Level Annotations

Branches:
Dungeon (2/15)

Altars:


Innate Abilities, Weirdness & Mutations

You are resistant to damage.
You can heal yourself by infusing magical energy.
You passively map a small area around you.
You do not regenerate.


Message History

You hit the frilled lizard.
You kill the frilled lizard!
The bat hits you but does no damage.
Unknown command.
You closely miss the bat. You block the bat's attack. x2
You miss the bat. The bat closely misses you. You block the bat's attack.
The bat hits you but does no damage.
You hit the bat.
The bat is moderately wounded.
You block the bat's attack. x2
You slash the bat!
You kill the bat!
Found 18 gold pieces.
Found 25 stones.
You now have 48 gold pieces (gained 18).
An endoplasm comes into view.
The endoplasm quivers.
The endoplasm moves out of view.
An endoplasm is nearby!
You are too injured to fight recklessly!
You are too injured to fight recklessly!
Found 15 stones.
A hobgoblin comes into view.
The hobgoblin shouts!
The endoplasm barely misses you.
You slash the endoplasm!
You kill the endoplasm!
A quokka comes into view.
You slash the hobgoblin!
You kill the hobgoblin!
The quokka bites you but does no damage.
You slash the quokka!
You kill the quokka!
You see here a quokka corpse.
Found a scroll labelled FOKHIG BOMY.
Found an escape hatch in the ceiling.
j - a scroll labelled FOKHIG BOMY A rat comes into view.
A rat is nearby!
Are you sure you want to abandon this character and quit the game? (Confirm with "yes".)

, #......#.#.........#..
, ##.....#..............
,, ,, #,
##.................#.
#.###....##...........#*
.#.....................#
,
.................#.#..###
.####.....##......†..<...
...##..####...##.#†.....
,,
#.....@..#............. ,
*#......#...............
....###... ..............
###. ...<.,.............
*# ..#..#..#...........
r....................
*,.........##, *
.......... , *, * , ,


You could see a rat.

Vanquished Creatures
  A dart slug (D:2)
  2 bats
  6 endoplasms
  2 giant cockroaches (D:1)
  A hobgoblin (D:2)
  4 jackals (D:1)
  2 quokkas
  3 ball pythons (D:1)
  2 frilled lizards
  3 kobolds (D:1)
  A rat (D:2)
27 creatures vanquished.

Notes
Turn   | Place    | Note
-------+----------+-------------------------------------------
     0 | D:1      | Kala the Deep Dwarf Fighter began the quest for the Orb.
     0 | D:1      | Reached XP level 1. HP: 20/20 MP: 1/1
   146 | D:1      | Reached skill level 1 in Necromancy
   146 | D:1      | Reached XP level 2. HP: 24/27 MP: 2/2
   317 | D:1      | Found a faded altar of an unknown god.
   658 | D:2      | Reached XP level 3. HP: 12/33 MP: 3/3
   701 | D:2      | Quit the game

Illustrated notes

Levels and vault maps discovered:
D:1:      dpeg_arrival_rooms_c, layout_loops_ring, basic_ecumenical_altar
D:2:      layout_rooms, basic_altar, wad_floor_pattern_untrapped

Skill      XL: |  1 |
---------------+----+-----
Necromancy     | 1 |  1.7
Fighting       | |  2.9
Axes           | |  2.5
Armour         | |  3.5
Shields        | |  3.5

Action                   || total
-------------------------++-------
Melee: War axe           ||    64
Armor: Scale mail        ||    44
Dodge: Dodged            ||    26
Block: Kite shield       ||    34
